 Dungeon Crawl Stone Soup version 0.20.1-1-g8b1a95d (webtiles) character file.

6 MrModeste the Skirmisher (level 1, 0/20 HPs)
             Began as a Minotaur Fighter on July 15, 2017.
             Was a Follower of Lugonu.
             Slain by an ufetubus (3 damage)
             ... on level 1 of the Abyss.
             The game lasted 00:02:17 (416 turns).

MrModeste the Skirmisher (Minotaur Fighter)          Turns: 416, Time: 00:02:17

Health: 0/20       AC:  6    Str: 20    XL:     1   Next: 75%
Magic:  0/0        EV:  7    Int:  5    God:    Lugonu [*.....]
Gold:   33         SH:  9    Dex:  9    Spells: 0/0 levels left

rFire    . . .     SeeInvis .   a - +0 flail
rCold    . . .     Gourm    .   c - +0 shield
rNeg     . . .     Faith    .   b - +0 scale mail
rPois    +         Spirit   .   (helmet restricted)
rElec    .         Reflect  .   (no cloak)
rCorr    .         Harm     .   (no gloves)
MR       .....                  (no boots)
Stlth    ..........             (no amulet)
Regen    0.1/turn               h - ring of poison resistance
MPRegen  0.1/turn               (no ring)

@: no status effects
A: retaliatory headbutt, horns 2
a: Depart the Abyss, Renounce Religion


You were on level 1 of the Abyss.
You worshipped Lugonu.
Lugonu was aware of your devotion.
You were not hungry.

You visited 1 branch of the dungeon, and saw 1 of its levels.
You visited the Abyss 1 time.

You collected 33 gold pieces.

Inventory:

Hand Weapons
 a - a +0 flail (weapon)
Armour
 b - a +0 scale mail (worn)
 c - a +0 shield (worn)
Jewellery
 h - a ring of poison resistance (left hand)
Scrolls
 i - a scroll of blinking {unknown}
 l - a scroll of immolation {unknown}
 m - a scroll of identify {unknown}
Potions
 d - a potion of might
 e - a potion of degeneration {unknown}
 j - a potion of haste {unknown}
 k - a potion of heal wounds {unknown}
Comestibles
 f - a bread ration
 g - a chunk of flesh
 n - a royal jelly


   Skills:
 + Level 3.8 Fighting
 + Level 2.6 Maces & Flails
 - Level 3.6 Armour
 - Level 3.6 Shields
 + Level 0.4 Spellcasting


You couldn't memorise any spells.
You didn't know any spells.

Dungeon Overview and Level Annotations

Branches:
Dungeon (1/15)

Altars:


Innate Abilities, Weirdness & Mutations

You reflexively headbutt those who attack you in melee.
You have a pair of horns on your head.


Message History

The ufetubus shouts!
The necromancer gestures wildly while chanting.
The necromancer binds the souls of nearby monsters. 2 starcursed masses come into view.
A chorus of shrieks assaults your mind.
Ouch! That really hurt!
A starcursed mass splits.
A starcursed mass splits.
A chorus of shrieks assaults your mind.
* * * LOW HITPOINT WARNING * * *
The necromancer casts a spell.
The necromancer binds the souls of nearby monsters.
A starcursed mass splits. x3
The necromancer mumbles some strange words.
The necromancer binds the souls of nearby monsters.
The ufetubus hits you.
* * * LOW HITPOINT WARNING * * *
You block the ufetubus's attack. The ufetubus hits you.
You die...

...##p#...X#.#.#.
#..#.#X...#...#
#....#X#.#....
#...#...X.#..#
... ##..#...# ##.
#..##..# #
#.#....# .#...#5#
.#....#@#
#.....#.## #..#
##. ..#.# .# #. #
##


You could see 3 starcursed masses and an ufetubus.

Vanquished Creatures
  A leopard gecko (D:1)
  2 bats (D:1)
  A hobgoblin (D:1)
  A frilled lizard (D:1)
5 creatures vanquished.

Vanquished Creatures (others)
  11 starspawn tentacles (Abyss:1)
11 creatures vanquished.

Grand Total: 16 creatures vanquished

Notes
Turn   | Place    | Note
-------+----------+-------------------------------------------
     0 | D:1      | MrModeste the Minotaur Fighter began the quest for the Orb.
     0 | D:1      | Reached XP level 1. HP: 19/19 MP: 0/0
   213 | D:1      | Cast into level 1 of the Abyss (gnoll)
   222 | Abyss:1  | Found a corrupted altar of Lugonu.
   235 | Abyss:1  | Became a worshipper of Lugonu the Unformed
   235 | Abyss:1  | Reached * piety under Lugonu
   325 | Abyss:1  | Noticed a tentacled starspawn
   338 | Abyss:1  | Noticed a wretched star
   352 | Abyss:1  | Noticed a chaos spawn
   400 | Abyss:1  | Noticed a necromancer
   411 | Abyss:1  | Noticed a starcursed mass
   411 | Abyss:1  | Noticed a starcursed mass
   416 | Abyss:1  | Slain by an ufetubus

Action                   || total
-------------------------++-------
Melee: Flail             ||    17
       Headbutt          ||     2
Armor: Scale mail        ||     4
Dodge: Dodged            ||     5
Block: Shield            ||     9
